 Dungeon Crawl Stone Soup version 0.25-a0-290-g4a1327ee3a (webtiles) character file.

Game seed: 11499623175226520218, levelgen mode: deterministic

63 1312 the Ducker (level 3, 0/27 HPs)
             Began as a Demonspawn Gladiator on Dec 14, 2019.
             Was an Initiate of Cheibriados.
             Slain by a leopard gecko (4 damage)
             ... on level 5 of the Dungeon.
             The game lasted 00:05:19 (1057 turns).

1312 the Ducker (Demonspawn Gladiator)              Turns: 1057, Time: 00:05:19

Health: 0/27       AC:  4    Str: 15    XL:     3   Next: 89%
Magic:  3/3        EV: 21    Int: 10    God:    Cheibriados [......]
Gold:   67         SH:  0    Dex: 21    Spells: 2/2 levels left

rFire    . . .     SeeInvis .   a - +0 long sword
rCold    . . .     Gourm    .   (no shield)
rNeg     . . .     Faith    .   b - +0 leather armour
rPois    .         Spirit   .   c - +0 helmet
rElec    .         Reflect  .   (no cloak)
rCorr    .         Harm     .   (no gloves)
MR       .....                  (no boots)
Stlth    +++.......             (no amulet)
HPRegen  0.09/turn              (no ring)
MPRegen  0.08/turn              (no ring)

@: agile, very slow
A: repulsion field 1
a: Bend Time, Renounce Religion


You were on level 5 of the Dungeon.
You worshipped Cheibriados.
Cheibriados was noncommittal.
You were very hungry.

You visited 1 branch of the dungeon, and saw 4 of its levels.

You collected 67 gold pieces.

Inventory:

Hand Weapons
 a - a +0 long sword (weapon)
Missiles
 d - 3 throwing nets (quivered)
Armour
 b - a +0 leather armour (worn)
 c - a +0 helmet (worn)
Jewellery
 e - an uncursed ring of resist corrosion {unknown}
 h - an uncursed amulet of guardian spirit {unknown}
Scrolls
 l - a scroll of fear
Comestibles
 f - 3 rations


   Skills:
 - Level 2.1 Fighting
 + Level 3.4 Long Blades
 - Level 1.9 Throwing
 - Level 0.1 Armour
 * Level 3.6 Dodging


You had 2 spell levels left.
You didn't know any spells.
Your spell library was empty.

Dungeon Overview and Level Annotations

Branches:
Dungeon (5/15)
 Temple: D:4-7

Altars:
Cheibriados


Innate Abilities, Weirdness & Mutations

You are surrounded by a mild repulsion field. (EV +2)


Message History

The quokka closely misses you.
It was a potion of agility.
You feel agile all of a sudden. The leopard gecko barely misses you.
The orc hits you but does no damage. The quokka barely misses you.
As you read the scroll labeled GAN SATA FASO, it crumbles to dust.
The creatures around you are filled with an inner flame!
It was a scroll of immolation.
The leopard gecko closely misses you.
You riposte.
You barely miss the leopard gecko.
The leopard gecko is heavily wounded.
The quokka barely misses you.
You riposte.
You hit the quokka.
Flame seeps out of the quokka.
The quokka is moderately wounded.
The orc misses you.
As you read the scroll labeled FANGUPS RESM, it crumbles to dust.
It is a scroll of identify.
l - a scroll of fear You are feeling very hungry.
The leopard gecko bites you.
You die...

#.##
...# .).
#.. ..
##.#
###rl#
#.o@#
#....###
...## #


You could see an orc (inner flame), a leopard gecko (inner flame) and a quokka
(inner flame).

Vanquished Creatures
  3 gnolls (D:2)
  A dart slug (D:1)
  A leopard gecko (D:2)
  6 goblins
  4 hobgoblins
  A quokka (D:2)
  2 ball pythons (D:1)
  5 bats
  4 frilled lizards
  4 kobolds (D:1)
  3 rats
34 creatures vanquished.

Notes
Turn   | Place    | Note
-------+----------+-------------------------------------------
     0 | D:1      | 1312 the Demonspawn Gladiator began the quest for the Orb.
     0 | D:1      | Reached XP level 1. HP: 16/16 MP: 1/1
   165 | D:1      | Gained mutation: You are surrounded by a mild repulsion
                  | field. (EV +2) [demonic ancestry]
   165 | D:1      | Reached XP level 2. HP: 21/22 MP: 2/2
   686 | D:2      | Found a snail-covered altar of Cheibriados.
   695 | D:2      | Became a worshipper of Cheibriados the Contemplative
   816 | D:2      | Reached XP level 3. HP: 27/27 MP: 3/3
  1039 | D:2      | You fall into a shaft and drop 2 floors!
  1052 | D:5      | Entered Level 5 of the Dungeon
  1057 | D:5      | Slain by a leopard gecko

Levels and vault maps discovered:
D:1:      mrwooster_arrival_arrow, layout_rooms, serial_corexii_hall,
          chequers_hall_statues_corner_a, corexii_hall_statues_t
D:2:      layout_loops_ring, lemuel_round_altar, minmay_lizard_pond
D:4:      layout_cave_pods, grunt_temple_overflow_champion_of_chaos,
          elyvilon_altar_4, overflow_temple_1_default, serial_column_ruins,
          column_ruins_square_medium, column_ruins_circle_large,
          column_ruins_grid_2, column_ruins_grid_1, column_ruins_columns_T,
          column_ruins_corridor_T, column_ruins_columns_T, uniq_blork_the_orc
D:5:      minmay_general_purpose_star, layout_cave_pools,
          overflow_temple_1_default, nicolae_ossuary_entry_catacombs,
          minivault_25, minmay_misc_feat_square

Skill      XL: |  1  2 |
---------------+-------+-----
Long Blades    | 3 |  3.4
Dodging        | 3 |  3.6
Fighting       | |  2.1
Throwing       | |  1.9
Armour         | |  0.1

Action                   || total
-------------------------++-------
Melee: Long sword        ||    98
  Use: Scroll            ||     2
       Potion            ||     2
Armor: Leather armour    ||    46
Dodge: Dodged            ||   111
       Rpst.: Long sword ||    36

Table legend:
 A = Non-vault XP
 B = Vault XP
 C = Vault XP percentage of total XP
 D = Non-vault monster count
 E = Vault monster count
 F = Vault count percentage of total count
                 A         B        C        D         E       F
            +---------+---------+-------+---------+---------+-------
      Total |      88 |       3 |   3.3 |      31 |       3 |   8.8
            +---------+---------+-------+---------+---------+-------
        D:1 |      29 |       0 |   0.0 |      19 |       0 |   0.0
        D:2 |      59 |       3 |   4.8 |      12 |       3 |  20.0
            +---------+---------+-------+---------+---------+-------
